 Dungeon Crawl Stone Soup version 0.28.0 (webtiles) character file.

Game seed: 9039569967605894383

3 Palewisp the Sneak (level 1, 0/9 HPs)
             Began as a Spriggan Enchanter on Feb 10, 2022.
             Slain by a ball python (3 damage)
             ... on level 1 of the Dungeon.
             The game lasted 00:03:59 (175 turns).

Palewisp the Sneak (Spriggan Enchanter)              Turns: 175, Time: 00:04:00

Health: 0/9        AC:  2    Str:  4    XL:     1   Next: 41%
Magic:  5/5        EV: 17    Int: 16    God:
Gold:   0          SH:  0    Dex: 15    Spells: 5/5 levels left

rFire   . . .      SeeInvis +   a - +1 dagger
rCold   . . .      Faith    .   (no shield)
rNeg    . . .      Spirit   .   d - +0 robe
rPois   .          Reflect  .   (helmet restricted)
rElec   .          Harm     .   (no cloak)
rCorr   .          Rampage  .   (gloves unavailable)
Will    .....                   (boots unavailable)
Stlth   +++.......              (no amulet)
HPRegen 0.03/turn               (no ring)
MPRegen 0.09/turn               (no ring)

@: very quick
A: very small, no large weapons, unfitting armour, see invisible, speed 3
a: no special abilities


You were on level 1 of the Dungeon.
You visited 1 branch of the dungeon, and saw 1 of its levels.

Inventory:

Hand Weapons
 a - a +1 dagger (weapon)
Armour
 d - a +0 robe (worn)
Magical Staves
 b - a staff of earth
Potions
 c - a potion of invisibility
 e - a potion of lignification {unknown}


   Skills:
 - Level 1.1 Short Blades
 - Level 2.6 Dodging
 + Level 4.5 Stealth
 - Level 2.6 Spellcasting
 + Level 3.7 Hexes
 * Level 0.1 Ice Magic


You had 5 spell levels left.
You didn't know any spells.
Your spell library contained the following spells:

 Spells                   Type           Power      Damage    Failure   Level
 Confusing Touch          Hex            14%        N/A       12%         3
 Tukima's Dance           Hex            14%        N/A       12%         3
 Ensorcelled Hibernation  Hex/Ice        16%        N/A       13%         2
 Dazzling Flash           Conj/Hex       16%        N/A       26%         3


Dungeon Overview and Level Annotations

Branches:
Dungeon (1/15)

Altars:


Innate Abilities, Weirdness & Mutations

You are very small and have problems with some larger weapons.
You are too small for most types of armour.
You have supernaturally acute eyesight. (SInv)
You cover ground extremely quickly. (Speed+++)


Message History

You barely miss the hobgoblin.
The hobgoblin is moderately wounded.
The hobgoblin misses you.
You hit the hobgoblin.
The hobgoblin is heavily wounded.
The bat hits you. The hobgoblin barely misses you.
You hit the hobgoblin.
The hobgoblin is almost dead.
The bat barely misses you. The hobgoblin hits you.
* * * LOW HITPOINT WARNING * * *
You hit the bat.
The bat is heavily wounded.
The bat misses you.
You hit the bat.
You kill the bat!
A kobold comes into view. It is wielding a +0 dagger.
Found a stone staircase leading down.
Found a long smoking staff.
You see here a staff of earth.
d - a staff of earth Adjust to which letter? (? for menu, Esc to quit)
b - a staff of earth;
d - a +0 robe (worn)
Found a fuming silvery potion.
There is a stone staircase leading down here.
You see here a fuming silvery potion.
e - a fuming silvery potion The hobgoblin barely misses you.
There is a stone staircase leading down here.
A dart slug comes into view.
A quokka comes into view.
A ball python comes into view.
The ball python hisses angrily.
You barely miss the ball python. The ball python misses you.
The ball python barely misses you.
You barely miss the ball python. The ball python barely misses you.
The ball python misses you.
You hit the ball python.
The ball python is severely wounded.
The ball python bites you.
You die...

#........# #..####... .
#..## #### .. #.g.# # ..
##...# . .8 ###....# ##
#. #.#....# #
##..######.####.### ##
#...S@.g...#......#.##
.......####r............
######. ###.##.#####....
#. #...##.# .### #.
#.#.##.# .# #. #.#.##.#
.# #. ....##.# .#
##.....##.. .#
#.#.#.###. ..


You could see a quokka, a hobgoblin and a ball python.

Vanquished Creatures
  A ball python (D:1)
  A bat (D:1)
  A rat (D:1)
3 creatures vanquished.

Notes
Turn   | Place    | Note
-------+----------+-------------------------------------------
     0 | D:1      | Palewisp the Spriggan Enchanter began the quest for the
                  | Orb.
     0 | D:1      | Reached XP level 1. HP: 9/9 MP: 5/5
   175 | D:1      | Slain by a ball python

Illustrated notes

Levels and vault maps discovered:
D:1:      wander_arrival_peaceful_grave, layout_loops_cross,
          chequers_ecumenical_altar_lobes

Action                   || total
-------------------------++-------
Melee: Dagger            ||    19
       Punch             ||     1
 Stab: Sleeping          ||     1
Dodge: Dodged            ||    19
